 Dungeon Crawl Stone Soup version 0.26-a0-639-g72c4674329 (webtiles) character file.

Game seed: 14832094099044959904

41 Flugslaktarn the Skirmisher (level 3, 0/34 HPs)
             Began as a Minotaur Fighter on Sept 23, 2020.
             Slain by a gnoll (2 damage)
             ... on level 3 of the Dungeon.
             The game lasted 00:00:10 (358 turns).

Flugslaktarn the Skirmisher (Minotaur Fighter)       Turns: 358, Time: 00:00:11

Health: 0/34       AC:  7    Str: 21    XL:     3   Next: 32%
Magic:  2/2        EV:  7    Int:  5    God:
Gold:   18         SH:  9    Dex:  9    Spells: 2/2 levels left

rFire    . . .     SeeInvis .   a - +0 war axe
rCold    . . .     Faith    .   c - +0 kite shield
rNeg     . . .     Spirit   .   b - +0 scale mail
rPois    .         Reflect  .   (helmet restricted)
rElec    .         Harm     .   (no cloak)
rCorr    .         Rampage  .   (no gloves)
MR       .....                  (no boots)
Stlth    ..........             (no amulet)
HPRegen  0.11/turn              (no ring)
MPRegen  0.08/turn              (no ring)

@: no status effects
A: retaliatory headbutt, horns 2
a: no special abilities


You were on level 3 of the Dungeon.
You visited 1 branch of the dungeon, and saw 3 of its levels.

You collected 18 gold pieces.

Inventory:

Hand Weapons
 a - a +0 war axe (weapon)
Armour
 b - a +0 scale mail (worn)
 c - a +0 kite shield (worn)
Scrolls
 e - a scroll of identify {unknown}
Potions
 d - a potion of might
 f - a potion of lignification {unknown}


   Skills:
 * Level 4.3 Fighting
 * Level 3.3 Axes
 + Level 3.9 Armour
 + Level 3.9 Shields


You had 2 spell levels left.
You didn't know any spells.
Your spell library was empty.

Dungeon Overview and Level Annotations

Branches:
Dungeon (3/15)

Altars:


Innate Abilities, Weirdness & Mutations

You reflexively headbutt those who attack you in melee.
You have a pair of horns on your head.


Message History

Your Axes skill increases to level 3!
You block the gnoll's attack. The gnoll hits you but does no damage.
The gnoll hits you. You block the gnoll's attack.
You slash the gnoll!
You kill the gnoll!
You have reached level 3!
Your experience leads to an increase in your attributes!
Increase (s)trength, (i)ntelligence, or (d)exterity?
You feel stronger.
You closely miss the gnoll. x2; The gnoll hits you with a +0 club.
* * * LOW HITPOINT WARNING * * *
The gnoll completely misses you. The gnoll hits you with a +0 club!
* * * LOW HITPOINT WARNING * * *
You slash the gnoll!
You kill the gnoll!
You closely miss the gnoll. The gnoll closely misses you.
You furiously retaliate!
You headbutt the gnoll! The gnoll hits you but does no damage.
The gnoll hits you.
You die...

...... ......
.............
.#.#....#....
...........
..........#
#.......# ..
#...))..# .!.
#.#...# ....
#.@g..####....
#...........(.
#..........##
#.#........#
#.....<....#
..<.........?..
..#.............
..#.#...........
#.##...#.#.##.


You could see a gnoll.

Vanquished Creatures
  3 gnolls (D:3)
  2 dart slugs (D:2)
  A bat (D:3)
  A goblin (D:2)
  A frilled lizard (D:2)
  A kobold (D:2)
  A rat (D:1)
10 creatures vanquished.

Vanquished Creatures (others)
  A goblin (D:2)
1 creature vanquished.

Grand Total: 11 creatures vanquished

Notes
Turn   | Place    | Note
-------+----------+-------------------------------------------
     0 | D:1      | Flugslaktarn the Minotaur Fighter began the quest for the
                  | Orb.
     0 | D:1      | Reached XP level 1. HP: 19/19 MP: 0/0
   341 | D:2      | Reached XP level 2. HP: 24/27 MP: 1/1
   349 | D:3      | Reached skill level 4 in Fighting
   356 | D:3      | Reached XP level 3. HP: 13/33 MP: 2/2
   356 | D:3      | HP: 1/33 [gnoll/+0 club (7)]
   358 | D:3      | Slain by a gnoll

Illustrated notes

Levels and vault maps discovered:
D:1:      dpeg_arrival_ratfight, layout_basic, minmay_misc_feat_diagonals,
          corexii_corridor_pit, minmay_heptomino_d4
D:2:      layout_loops_ring, serial_bayou, serial_bayou_lagoon_a,
          serial_bayou_pond_b, serial_bayou_lake_a, serial_bayou_shore_b,
          minmay_misc_feat_doors
D:3:      layout_basic, grunt_temple_overflow_champion_of_chaos,
          lemuel_crystal_altar

Skill      XL: |  1  2 |
---------------+-------+-----
Fighting       | 4 |  4.3
Axes           | 3 |  3.3
Armour         | |  3.9
Shields        | |  3.9

Action                   || total
-------------------------++-------
Melee: War axe           ||    25
       Headbutt          ||     2
Armor: Scale mail        ||    12
Dodge: Dodged            ||    12
Block: Kite shield       ||    14

Table legend: (Time is in decaauts)
 A = Elapsed time spent in this place.
 B = Non-inter-level travel time spent in this place.
 C = Inter-level travel time spent in this place.
 D = Time resting spent in this place.
 E = Time spent auto-exploring this place.
 F = Levels seen in this place.
 G = Mean time per level.
                   A        B        C        D        E       F      G
               +--------+--------+--------+--------+--------+-----+--------+
         Total |    374 |    359 |     15 |      0 |    284 |   3 |  124.7 |
       Dungeon |    374 |    359 |     15 |      0 |    284 |   3 |  124.7 |
               +--------+--------+--------+--------+--------+-----+--------+

Top non-repeatable levels by time:
     D:2: 317 daAuts
     D:1: 43 daAuts
     D:3: 14 daAuts
